 Dungeon Crawl Stone Soup version 0.30.0-29-ga12c61a403 (webtiles) character file.

Game seed: 437079973941065344

88719 Renzlar the Blocker (level 15, -7/122 HPs)
             Began as a Gnoll Fighter on June 1, 2023.
             Was the Champion of Okawaru.
             Mangled by Donald
             ... wielding a +0 demon trident of venom
              (21 damage)
             ... on level 2 of the Swamp on June 16, 2023.
             The game lasted 02:04:23 (19701 turns).

Renzlar the Blocker (Gnoll Fighter)                Turns: 19701, Time: 02:04:23

Health: -7/122     AC: 24    Str: 27    XL:     15   Next: 94%
Magic:  23/29      EV: 16    Int: 12    God:    Okawaru [******]
Gold:   1681       SH: 20    Dex: 18    Spells: 7/35 levels left

rFire   + . .        d - +4 broad axe (flame)
rCold   + + +        f - +2 shield of Resistance {rF++ rC++ Will++}
rNeg    . . .        p - +1 scale mail of Larucri {+Inv Dex+2}
rPois   .            r - +2 hat
rElec   .            H - +2 cloak {Will+}
rCorr   .            K - +2 pair of gloves {Dex+3}
SInv    +            N - +0 pair of boots of the Well-Known Planets {Regen+ Int+4 SInv}
Will    ++++.        h - amulet of reflection
Stlth   +++++        j - +6 ring of strength
HPRegen 1.20/turn    L - ring of ice
MPRegen 0.21/turn

%: random rage (3%), reflection
@: ice-armoured
A: fangs 1, strong nose, distributed training, camouflage 1, berserk 1
a: Renounce Religion, Evoke Invisibility, Heroism, Finesse, Duel


You were on level 2 of the Swamp.
You worshipped Okawaru.
Okawaru was exalted by your worship.
You visited 5 branches of the dungeon, and saw 20 of its levels.
You also visited: Ossuary and Ice Cave.

You collected 2232 gold pieces.
You spent 551 gold pieces at shops.

Inventory:

Hand Weapons
 a - a +1 war axe of electrocution
 b - a +4 dagger of freezing
 c - the +5 hand crossbow "Orb Guardian's Peril" {penet, rPois rCorr}
   (Okawaru gifted it to you on level 10 of the Dungeon)

   rPois:     It protects you from poison.
   rCorr:     It protects you from acid and corrosion.
 d - a +4 broad axe of flaming (weapon)
 e - a +5 spear of flaming
 z - the +10 dark maul {heavy}
   (You found it on level 5 of the Lair of Beasts)
Missiles
 y - 39 poisoned darts
 C - 5 throwing nets
 J - 6 curare-tipped darts (quivered)
Armour
 f - the +2 shield of Resistance (worn) {rF++ rC++ Will++}
   (Okawaru gifted it to you in an ice cave)

   rF:        It greatly protects you from fire.
   rC:        It greatly protects you from cold.
   Will:      It greatly increases your willpower.
 p - the +1 scale mail of Larucri (worn) {+Inv Dex+2}
   (Okawaru gifted it to you on level 4 of the Lair of Beasts)

   Dex:       It affects your dexterity (+2).
   +Inv:      It lets you turn invisible.
 r - a +2 hat (worn)
 A - a +0 cloak of poison resistance
 H - a +2 cloak of willpower (worn)
 K - a +2 pair of gloves of dexterity (worn)
 N - the +0 pair of boots of the Well-Known Planets (worn) {Regen+ Int+4 SInv}
   (Okawaru gifted it to you on level 1 of the Lair of Beasts)

   Int:       It affects your intelligence (+4).
   SInv:      It lets you see invisible.
   Regen:     It increases your rate of health regeneration.
Jewellery
 h - an amulet of reflection (around neck)
 j - a +6 ring of strength (left hand)
 w - an amulet of magic regeneration
 I - a ring of see invisible
 L - a ring of ice (right hand)
 O - a ring of magical power
Wands
 i - a wand of light (6)
 o - a wand of flame (40)
 G - a wand of roots (12)
Scrolls
 g - 2 scrolls of fog
 k - 9 scrolls of teleportation
 m - a scroll of identify
 s - 4 scrolls of enchant armour
 x - a scroll of amnesia
 B - 5 scrolls of fear
 D - 3 scrolls of blinking
 M - 2 scrolls of poison
Potions
 l - a potion of invisibility
 n - 4 potions of curing
 q - 7 potions of flight
 t - 2 potions of might
 u - 5 potions of lignification
 v - 2 potions of haste
 E - 2 potions of resistance
 F - 5 potions of cancellation


   Skills:
 + Level 12.6 Fighting
 + Level 10.8 Short Blades
 + Level 10.8 Long Blades
 + Level 11.7 Axes
 + Level 10.8 Maces & Flails
 + Level 10.8 Polearms
 + Level 10.8 Staves
 + Level 10.8 Ranged Weapons
 + Level 10.8 Throwing
 + Level 12.6 Armour
 + Level 10.8 Dodging
 + Level 10.8 Stealth
 + Level 12.6 Shields
 + Level 10.8 Unarmed Combat
 + Level 10.8 Spellcasting
 + Level 9.1 Conjurations
 + Level 9.1 Hexes
 + Level 9.1 Summonings
 + Level 9.1 Necromancy
 + Level 9.1 Translocations
 + Level 9.1 Transmutations
 + Level 9.1 Fire Magic
 + Level 9.1 Ice Magic
 + Level 9.1 Air Magic
 + Level 9.1 Earth Magic
 + Level 9.1 Poison Magic
 + Level 11.8 Invocations
 + Level 10.8 Evocations


You had 7 spell levels left.
You knew the following spells:

 Your Spells              Type           Power      Damage    Failure   Level
a - Stone Arrow           Conj/Erth      56%        3d10      2%          3
b - Olgreb's Toxic Radia  Pois           28%        N/A       7%          4
c - Airstrike             Air            14%        2d(2-18)  7%          4
d - Yara's Violent Unrav  Hex/Tmut       14%        3d7       21%         5
e - Ozocubu's Armour      Ice            42%        N/A       2%          3
f - Vhi's Electric Charg  Tloc/Air       56%        N/A       2%          3
g - Statue Form           Tmut/Erth      18%        N/A       73%         6

Your spell library contained the following spells:

 Spells                   Type           Power      Damage    Failure   Level
 Slow                     Hex            100%       N/A       1%          1
 Sting                    Tmut/Pois      100%       1d8       1%          1
 Poisonous Vapours        Pois/Air       56%        N/A       1%          2
 Static Discharge         Conj/Air       56%        2-5/arc   1%          2
 Sublimation of Blood     Necr           28%        N/A       1%          2
 Wereblood                Tmut           28%        N/A       1%          2
 Confusing Touch          Hex            28%        N/A       2%          3
 Hailstorm                Conj/Ice       42%        3d10      2%          3
 Inner Flame              Hex/Fire       28%        N/A       2%          3
 Vampiric Draining        Necr           28%        2d8       2%          3
 Petrify                  Tmut/Erth      28%        N/A       7%          4
 Arcjolt                  Conj/Air       14%        1d24      21%         5
 Metabolic Englaciation   Hex/Ice        21%        N/A       21%         5
 Enfeeble                 Hex            14%        N/A       99%         7
 Orb of Destruction       Conj           14%        9d7       99%         7
 Ozocubu's Refrigeration  Ice            21%        4d12      99%         7
 Lehudib's Crystal Spear  Conj/Erth      14%        10d5      100%        8
 Maxwell's Capacitive Co  Air            14%        ∞         100%        8
 Polar Vortex             Ice            21%        N/A       100%        9
 Summon Guardian Golem    Hex/Summ       Unusable   N/A       N/A         3
 Animate Armour           Summ/Erth      Unusable   N/A       N/A         4
 Animate Dead             Necr           Unusable   N/A       N/A         4
 Summon Lightning Spire   Summ/Air       Unusable   N/A       N/A         4
 Simulacrum               Ice/Necr       Unusable   N/A       N/A         6
 Haunt                    Necr/Summ      Unusable   N/A       N/A         7
 Spellforged Servitor     Conj/Summ      Unusable   N/A       N/A         7
 Summon Hydra             Summ           Unusable   N/A       N/A         7
 Infestation              Necr           Unusable   N/A       N/A         8

Dungeon Overview and Level Annotations

Branches:
Dungeon (10/15)            Temple (1/1) D:5            Lair (5/5) D:10
  Swamp (2/4) Lair:2       Spider (0/4) Lair:2        Slime (0/5) Lair:5
    Orc (2/2) D:10            Elf (0/3) Orc:2       Ossuary (visited)
  IceCv (visited)

Altars:
Ashenzari
Cheibriados
Dithmenos
Elyvilon
Fedhas
Gozag
Kikubaaqudgha
Makhleb
Okawaru
Sif Muna
Trog
Uskayaw
Vehumet
Xom
Yredelemnul
Zin
The Shining One

Shops:
D:1 [   D:5 !   Orc:2 :[=([*

Annotations:
Swamp:2 Donald


Innate Abilities, Weirdness & Mutations

You have very sharp teeth.
Your uncanny sense of smell can sniff out nearby items.
Your experience applies equally to all skills.
Your skin changes colour to match your surroundings (Stealth+).
You sometimes lose your temper in combat.


Message History

Okawaru grants you throwing weapons! Something appears at your feet!
The spectral fenstrider witch fades away!
The spectral spriggan berserker fades away!
The spectral spriggan air mage fades away!
You hit Donald but do no damage.
You are engulfed in spectral mist.
You feel extremely sick. You block Donald's attack.
A will-o-the-wisp comes into view.
You block Donald's attack.
Unknown command.
Donald blocks your attack.
Donald is severely wounded.
You are engulfed in spectral mist.
You feel extremely sick. You block Donald's attack.
You hit Donald but do no damage.
Donald is severely wounded.
You are engulfed in spectral mist.
* * * LOW HITPOINT WARNING * * *
You feel extremely sick. You block Donald's attack. x2
Unknown command.
You feel better.
You are engulfed in spectral mist.
* * * LOW HITPOINT WARNING * * *
Donald says, "And you think you've got it bad..."
You block Donald's attack. Donald blocks your attack.
You bite Donald, but do no damage.
Donald is severely wounded.
You are engulfed in spectral mist.
You block Donald's attack.
Donald hits you with a +0 demon trident of venom!
* * * LOW HITPOINT WARNING * * *
You are lethally poisoned!
Unknown command.
You feel better. You block Donald's attack.
Casting: Vhi's Electric Charge (mildly dangerous; 2% risk of failure)
Confirm with . or Enter, or press ? or * to list all spells.
You feel a surge of power! A film of ice covers your body!
Donald hits you with a +0 demon trident of venom!!
You die...

.~~~~~~ ~~~~~. .~~~~♣ .~~
~°..♣ ♣~~~ . ♣♣♣♣(.>♣
.... ~~~♣~.♣.~.♣ ..~~~
.~~...~†..♣♣♣..~~~ ~.~~
♣~@@♣♣....~§~
♣♣..♣♣.....~~~~~~~
.....~~~~~.§~~~~~~
....~~~~~~~.~.~~~~
♣...~~~~.♣♣♣♣.~~~
♣♣§~.~~.♣♣♣ ♣.§§
♣♣♣.~♣.~~.~♣ ♣♣..~~~...#.
♣♣......~~..♣
♣...~~~...⌠#
..~~~...~~.♣♣♣~..~~~~§~.#


You could see Donald (fast, strong, reflecting).

Vanquished Creatures
  Mlioglotl (Arena)
  Kirke (Lair:3)
  Roxanne (Swamp:1)
  A frost giant (IceCv)
  Aizul (Swamp:1)
  An orc warlord (Orc:2)
  An eleionoma (Swamp:1)
  A bunyip (Swamp:1)
  A fire dragon (Lair:5)
  Josephine (Lair:3)
  Fannar (D:10)
  4 hydras
  Erica (D:7)
  2 ghost crabs
  A catoblepas (Lair:5)
  2 alligators (Swamp:1)
  A two-headed ogre (D:9)
  2 orc high priests
  Urug (Orc:2)
  25 death yaks
  4 spriggans
  2 swamp dragons
  A goliath frog (Swamp:1)
  A bog body (Swamp:1)
  2 orc knights (Orc:2)
  2 lindwurms (Lair:5)
  3 orc sorcerers (Orc:2)
  A cyclops (D:8)
  2 manticores (Lair:5)
  17 elephants
  A will-o-the-wisp (Swamp:2)
  Maurice (D:8)
  An ice statue (IceCv)
  9 cane toads
  A torpor snail (Lair:5)
  4 black mambas
  7 komodo dragons
  6 rime drakes
  2 trolls (Orc:2)
  18 polar bears
  2 bloated husks
  4 tyrant leeches
  15 dream sheep (Lair:5)
  17 blink frogs
  6 hornets
  7 wyverns
  7 humans (Lair:3)
  43 yaks
  4 wraiths
  5 basilisks
  Grum (D:8)
  2 steam dragons (Lair:5)
  2 redbacks (Lair:2)
  6 swamp worms
  4 wargs (Orc:2)
  2 acid dragons (Lair:5)
  16 water moccasins
  2 swamp drakes
  20 orc warriors
  3 ice beasts (D:6)
  3 sky beasts
  7 ogres
  7 centaurs
  26 wolves
  2 elf zombies (Ossuary)
  2 phantoms
  Blork the orc (Orc:2)
  13 bullfrogs
  4 kobold brigands
  3 gnoll sergeants
  3 scorpions
  8 wights
  14 killer bees
  6 howler monkeys
  A centaur zombie (Ossuary)
  5 hounds
  2 human zombies (Ossuary)
  A jelly (D:7)
  2 gnoll boudas (D:6)
  18 orc priests
  Crazy Yiuf (D:3)
  A sleepcap (D:5)
  Jessica (D:3)
  6 iguanas
  21 orc wizards
  6 hell rats (Lair:3)
  2 mummies (Ossuary)
  16 gnolls
  7 adders
  A shadow imp (D:6)
  4 white imps
  2 ufetubi (D:5)
  An adder zombie (Ossuary)
  3 worms
  3 dart slugs
  42 orcs
  10 ball pythons
  4 endoplasms
  3 giant cockroaches
  6 goblins
  9 hobgoblins
  5 jackals
  2 quokkas (D:1)
  3 bats
  2 frilled lizards
  A goblin zombie (Ossuary)
  6 hobgoblin zombies (Ossuary)
  A jackal zombie (D:4)
  25 kobolds
  18 kobold zombies (Ossuary)
  6 orc zombies (Ossuary)
  6 rats
655 creatures vanquished.

Vanquished Creatures (others)
  A polar bear (IceCv)
  4 foxfires (Swamp:2)
5 creatures vanquished.

Grand Total: 660 creatures vanquished

Notes
Turn   | Place    | Note
-------+----------+-------------------------------------------
     0 | D:1      | Renzlar the Gnoll Fighter began the quest for the Orb.
     0 | D:1      | Reached XP level 1. HP: 23/23 MP: 1/1
    83 | D:1      | Reached XP level 2. HP: 23/29 MP: 2/2
   116 | D:1      | You fall into a shaft and drop 1 floor!
   246 | D:1      | Found Petasha's Antique Armour Emporium.
   258 | D:1      | Reached XP level 3. HP: 30/35 MP: 3/3
   391 | D:1      | Reached skill level 1 in Invocations
   599 | D:2      | Reached skill level 1 in Short Blades
   599 | D:2      | Reached skill level 1 in Long Blades
   599 | D:2      | Reached skill level 1 in Maces & Flails
   599 | D:2      | Reached skill level 1 in Polearms
   599 | D:2      | Reached skill level 1 in Staves
   599 | D:2      | Reached skill level 1 in Ranged Weapons
   599 | D:2      | Reached skill level 1 in Throwing
   599 | D:2      | Reached skill level 1 in Dodging
   599 | D:2      | Reached skill level 1 in Stealth
   599 | D:2      | Reached skill level 1 in Unarmed Combat
   599 | D:2      | Reached skill level 1 in Spellcasting
   599 | D:2      | Reached skill level 1 in Evocations
   663 | D:2      | Found a faded altar of an unknown god.
   738 | D:2      | Reached XP level 4. HP: 41/41 MP: 5/5
   784 | D:2      | Found a bloodstained altar of Trog.
  1345 | D:3      | Found a runed translucent door.
  1346 | D:3      | Noticed Crazy Yiuf
  1354 | D:3      | Killed Crazy Yiuf
  1355 | D:3      | Reached skill level 1 in Conjurations
  1355 | D:3      | Reached skill level 1 in Hexes
  1355 | D:3      | Reached skill level 1 in Summonings
  1355 | D:3      | Reached skill level 1 in Necromancy
  1355 | D:3      | Reached skill level 1 in Translocations
  1355 | D:3      | Reached skill level 1 in Transmutations
  1355 | D:3      | Reached skill level 1 in Fire Magic
  1355 | D:3      | Reached skill level 1 in Ice Magic
  1355 | D:3      | Reached skill level 1 in Air Magic
  1355 | D:3      | Reached skill level 1 in Earth Magic
  1355 | D:3      | Reached skill level 1 in Poison Magic
  1923 | D:3      | Noticed Jessica
  1928 | D:3      | Killed Jessica
  1929 | D:3      | Reached XP level 5. HP: 46/47 MP: 5/7
  2365 | D:4      | Reached XP level 6. HP: 53/53 MP: 8/8
  2415 | D:4      | Found a radiant altar of Vehumet.
  2473 | D:4      | Noticed a sky beast
  2484 | D:4      | Killed a sky beast
  2485 | D:4      | Reached skill level 5 in Axes
  2573 | D:4      | Found a sand-covered staircase.
  2595 | Ossuary  | Entered an ossuary
  2723 | Ossuary  | Reached XP level 7. HP: 52/60 MP: 10/10
  3434 | D:5      | Entered Level 5 of the Dungeon
  3467 | D:5      | Found a glowing golden altar of the Shining One.
  3564 | D:5      | Found a glowing silver altar of Zin.
  3579 | D:5      | Found a staircase to the Ecumenical Temple.
  3588 | Temple   | Entered the Ecumenical Temple
  3594 | Temple   | Became a worshipper of Warmaster Okawaru
  3681 | D:5      | Found a burning altar of Makhleb.
  3695 | D:5      | Reached XP level 8. HP: 63/67 MP: 12/12
  3759 | D:5      | Found a bloodstained altar of Trog.
  4039 | D:1      | Bought a faintly humming scale mail for 207 gold pieces
  4039 | D:1      | Identified the +0 scale mail "Bur Ykuo" {rPois Int+3} (You
                  | bought it in a shop on level 1 of the Dungeon)
  4124 | D:5      | Found a shadowy altar of Dithmenos.
  4416 | D:5      | Found Wivafoc's Distillery.
  5070 | D:6      | Reached * piety under Okawaru
  5112 | D:6      | Upgraded the game from 0.30.0-19-g36f170ea60 to
                  | 0.30.0-29-ga12c61a403
  5293 | D:6      | Reached XP level 9. HP: 61/73 MP: 14/14
  5371 | D:6      | Reached ** piety under Okawaru
  6082 | D:6      | Reached skill level 5 in Invocations
  6253 | D:6      | Reached *** piety under Okawaru
  6745 | D:7      | Identified the +8 sling "Plog" {flame, rPois rF+ Dex+2
                  | SInv}
  6852 | D:7      | Received a gift from Okawaru
  7123 | D:7      | Reached skill level 5 in Short Blades
  7123 | D:7      | Reached skill level 5 in Long Blades
  7123 | D:7      | Reached skill level 5 in Maces & Flails
  7123 | D:7      | Reached skill level 5 in Polearms
  7123 | D:7      | Reached skill level 5 in Staves
  7123 | D:7      | Reached skill level 5 in Ranged Weapons
  7123 | D:7      | Reached skill level 5 in Throwing
  7123 | D:7      | Reached skill level 5 in Dodging
  7123 | D:7      | Reached skill level 5 in Stealth
  7123 | D:7      | Reached skill level 5 in Unarmed Combat
  7123 | D:7      | Reached skill level 5 in Spellcasting
  7123 | D:7      | Reached skill level 5 in Evocations
  7123 | D:7      | Reached XP level 10. HP: 63/81 MP: 17/17
  7188 | D:7      | HP: 3/81 [killer bee (6)]
  7421 | D:8      | Noticed Erica
  7436 | D:7      | Killed Erica
  7436 | D:7      | Reached **** piety under Okawaru
  7846 | D:8      | Noticed a cyclops
  7853 | D:8      | Killed a cyclops
  7871 | D:8      | Noticed Maurice
  7880 | D:8      | Killed Maurice
  7992 | D:8      | Noticed Grum
  8000 | D:8      | Killed Grum
  8000 | D:8      | Received a gift from Okawaru
  8019 | D:8      | Learned a level 3 spell: Stone Arrow
  8082 | D:8      | Gained mutation: You are vulnerable to cold. (rC-) [potion
                  | of mutation]
  8082 | D:8      | Lost mutation: You are vulnerable to cold. (rC-) [potion of
                  | mutation]
  8082 | D:8      | Gained mutation: Your system is resistant to poisons.
                  | (rPois) [potion of mutation]
  8082 | D:8      | Gained mutation: You are agile. (Dex +4, Str/Int -1)
                  | [potion of mutation]
  8083 | D:8      | Lost mutation: Your system is resistant to poisons. (rPois)
                  | [potion of mutation]
  8083 | D:8      | Lost mutation: You are agile. (Dex +4, Str/Int -1) [potion
                  | of mutation]
  8083 | D:8      | Gained mutation: You are vulnerable to heat. (rF-) [potion
                  | of mutation]
  8083 | D:8      | Gained mutation: You have a pair of small horns on your
                  | head. [potion of mutation]
  8083 | D:8      | Gained mutation: Your skin changes colour to match your
                  | surroundings (Stealth+). [potion of mutation]
  8083 | D:8      | Gained mutation: You are strong-willed. (Will+) [potion of
                  | mutation]
  8084 | D:8      | Lost mutation: You are vulnerable to heat. (rF-) [potion of
                  | mutation]
  8084 | D:8      | Lost mutation: You have a pair of small horns on your head.
                  | [potion of mutation]
  8084 | D:8      | Lost mutation: You are strong-willed. (Will+) [potion of
                  | mutation]
  8084 | D:8      | Gained mutation: You sometimes lose your temper in combat.
                  | [potion of mutation]
  8196 | D:8      | Reached skill level 5 in Conjurations
  8196 | D:8      | Reached skill level 5 in Hexes
  8196 | D:8      | Reached skill level 5 in Summonings
  8196 | D:8      | Reached skill level 5 in Necromancy
  8196 | D:8      | Reached skill level 5 in Translocations
  8196 | D:8      | Reached skill level 5 in Transmutations
  8196 | D:8      | Reached skill level 5 in Fire Magic
  8196 | D:8      | Reached skill level 5 in Ice Magic
  8196 | D:8      | Reached skill level 5 in Air Magic
  8196 | D:8      | Reached skill level 5 in Earth Magic
  8196 | D:8      | Reached skill level 5 in Poison Magic
  8205 | D:8      | Reached XP level 11. HP: 89/89 MP: 20/20
  8510 | D:9      | Found a hide-covered altar of Uskayaw.
  8638 | D:9      | Found a broken altar of Ashenzari.
  8718 | D:9      | Reached ***** piety under Okawaru
  8885 | D:9      | Found a snail-covered altar of Cheibriados.
  8987 | D:9      | Noticed a two-headed ogre
  8996 | D:9      | Killed a two-headed ogre
  9308 | D:10     | Entered Level 10 of the Dungeon
  9316 | D:10     | Found a basalt altar of Yredelemnul.
  9329 | D:10     | Found a staircase to the Orcish Mines.
  9618 | D:10     | Identified the +5 hand crossbow "Orb Guardian's Peril"
                  | {penet, rPois rCorr} (Okawaru gifted it to you on level 10
                  | of the Dungeon)
  9618 | D:10     | Received a gift from Okawaru
  9731 | D:10     | Found a staircase to the Lair.
 10027 | D:10     | Noticed Fannar
 10051 | D:10     | Killed Fannar
 10342 | Lair:1   | Entered Level 1 of the Lair of Beasts
 10736 | Lair:1   | Learned a level 4 spell: Olgreb's Toxic Radiance
 11323 | Lair:1   | Identified the +0 pair of boots of the Well-Known Planets
                  | {Regen+ Int+4 SInv} (Okawaru gifted it to you on level 1 of
                  | the Lair of Beasts)
 11323 | Lair:1   | Received a gift from Okawaru
 11324 | Lair:1   | Reached XP level 12. HP: 97/97 MP: 22/22
 12072 | Lair:2   | Reached skill level 10 in Fighting
 12072 | Lair:2   | Reached skill level 10 in Armour
 12072 | Lair:2   | Reached skill level 10 in Shields
 12082 | Lair:2   | Found a hole to the Spider Nest.
 12102 | Lair:2   | Found a staircase to the Swamp.
 12313 | Lair:2   | Noticed a six-headed hydra
 12760 | Lair:2   | Killed a three-headed hydra
 12849 | Lair:3   | Noticed a six-headed hydra
 12859 | Lair:2   | Killed a two-headed hydra
 12971 | Lair:3   | Noticed Josephine
 12980 | Lair:3   | Killed Josephine
 13005 | Lair:3   | Received a gift from Okawaru
 13035 | Lair:3   | Found a frozen archway.
 13045 | IceCv    | Entered an ice cave
 13100 | IceCv    | Reached XP level 13. HP: 66/104 MP: 25/25
 13204 | IceCv    | Received a gift from Okawaru
 13311 | IceCv    | Received a gift from Okawaru
 13311 | IceCv    | Found the +2 shield of Resistance {rF++ rC++ Will++}
 13431 | IceCv    | Reached ****** piety under Okawaru
 13633 | IceCv    | Noticed a frost giant
 13673 | IceCv    | Killed a frost giant
 13682 | IceCv    | Reached skill level 10 in Axes
 13790 | IceCv    | Got the Compilation of the Icicle
 13806 | IceCv    | Learned a level 4 spell: Airstrike
 14144 | Lair:3   | Noticed Kirke
 14159 | Lair:3   | Killed Kirke
 14748 | Lair:4   | Identified the +1 scale mail of Larucri {+Inv Dex+2}
                  | (Okawaru gifted it to you on level 4 of the Lair of Beasts)
 14748 | Lair:4   | Received a gift from Okawaru
 14979 | Lair:4   | Reached skill level 10 in Invocations
 14979 | Lair:4   | Reached XP level 14. HP: 113/113 MP: 27/27
 15298 | Lair:5   | Entered Level 5 of the Lair of Beasts
 15307 | Lair:5   | Found the +10 dark maul {heavy}
 15336 | Lair:5   | Learned a level 5 spell: Yara's Violent Unravelling
 15556 | Lair:5   | Identified the +0 pair of gloves of the Lotus Blossom {Harm
                  | Will+ Str+3 SInv} (Okawaru gifted it to you on level 5 of
                  | the Lair of Beasts)
 15556 | Lair:5   | Received a gift from Okawaru
 15763 | Lair:5   | Learned a level 3 spell: Ozocubu's Armour
 15838 | Lair:5   | Learned a level 3 spell: Vhi's Electric Charge
 15845 | Lair:5   | Found a staircase to the Slime Pits.
 16142 | Lair:5   | Reached skill level 10 in Short Blades
 16142 | Lair:5   | Reached skill level 10 in Long Blades
 16142 | Lair:5   | Reached skill level 10 in Maces & Flails
 16142 | Lair:5   | Reached skill level 10 in Polearms
 16142 | Lair:5   | Reached skill level 10 in Staves
 16142 | Lair:5   | Reached skill level 10 in Ranged Weapons
 16142 | Lair:5   | Reached skill level 10 in Throwing
 16142 | Lair:5   | Reached skill level 10 in Dodging
 16142 | Lair:5   | Reached skill level 10 in Stealth
 16142 | Lair:5   | Reached skill level 10 in Unarmed Combat
 16142 | Lair:5   | Reached skill level 10 in Spellcasting
 16142 | Lair:5   | Reached skill level 10 in Evocations
 16218 | Lair:5   | Reached XP level 15. HP: 106/120 MP: 29/29
 16302 | Lair:5   | Received a gift from Okawaru
 16472 | Lair:5   | Identified the +1 leather armour of the Unbroken {Str-4
                  | Int+4}
 17092 | Orc:1    | Entered Level 1 of the Orcish Mines
 17218 | Orc:2    | Entered Level 2 of the Orcish Mines
 17228 | Orc:2    | Found Githrui's Armour Shop.
 17236 | Orc:2    | Bought a +2 pair of gloves of dexterity for 344 gold pieces
 17598 | Orc:2    | Found a staircase to the Elven Halls.
 17643 | Orc:2    | Found Xepnuesh's Vocational Training.
 17727 | Orc:2    | Received a gift from Okawaru
 17752 | Orc:2    | Noticed an orc warlord
 17770 | Orc:2    | Killed an orc warlord
 17801 | Orc:2    | Noticed Blork the orc
 17814 | Orc:2    | Noticed Urug
 17831 | Orc:2    | Killed Urug
 17849 | Orc:2    | Received a gift from Okawaru
 17901 | Orc:2    | Killed Blork the orc
 18096 | Orc:2    | Found Yfoned's Jewellery Boutique.
 18112 | Orc:2    | Found Zufa Gul's Antique Armour Boutique.
 18226 | Orc:2    | Found Zaqucwotz's General Store.
 18333 | Orc:2    | Found Imae's Antique Weapon Boutique.
 18560 | Swamp:1  | Entered Level 1 of the Swamp
 18688 | Swamp:1  | Noticed Roxanne
 18736 | Swamp:1  | Killed Roxanne
 18752 | Swamp:1  | Learned a level 6 spell: Statue Form
 18885 | Swamp:1  | Noticed Mlioglotl
 18892 | Arena    | Entered the Arena
 18903 | Arena    | Killed Mlioglotl
 19097 | Swamp:1  | Received a gift from Okawaru
 19268 | Swamp:1  | Noticed Aizul
 19289 | Swamp:1  | HP: 7/183 [Aizul/bolt of poison (43)]
 19290 | Swamp:1  | Killed Aizul
 19292 | Swamp:1  | HP: 3/183 [poisoned by Aizul (bolt of poison)]
 19294 | Swamp:1  | HP: 1/122 [poisoned by Aizul (bolt of poison)]
 19658 | Swamp:2  | Noticed Donald
 19695 | Swamp:2  | Received a gift from Okawaru
 19701 | Swamp:2  | Mangled by Donald

Illustrated notes

Levels and vault maps discovered:
D:1:      ldierk_walled_garden, layout_rooms, serial_shops, shop
D:2:      layout_loops_ring, shapermc_ecumenical_altar_starsandcircs,
          basic_altar
D:3:      layout_loops_corners, uniq_jessica, uniq_crazy_yiuf_cottage
D:4:      cheibrodos_thug_alley, layout_loops_ring, lemuel_tele_altar,
          enter_ossuary_3, nrook_uturn
D:5:      layout_basic, mainiacjoe_overflow_paths, old_standard_altar,
          mainiacjoe_overflow_boulevard, minmay_temple_entry_water_ring,
          serial_shops, nicolae_shop_back_alley_shop, hangedman_feature_mirror
D:6:      layout_cave_pods, corexii_shack, kennysheep_small_square
D:7:      layout_loops_cross, minmay_checkerbox
D:8:      layout_rooms, grunt_potential, uniq_grum, uniq_erica, uniq_maurice
D:9:      layout_basic, mainiacjoe_overflow_large_starburst,
          mainiacjoe_overflow_six_doors_small
D:10:     layout_small_grid, mainiacjoe_overflow_catwalk,
          minmay_lair_entry_grove, minmay_chambers_of_fives, uniq_fannar
Temple:   eino_narrow_crystal_temple
Lair:1:   layout_cave_pods
Lair:2:   layout_gridlike, minmay_swamp_entry_worms, spider_nest_entry_webs,
          grunt_megastairs_1
Lair:3:   layout_hall_layers, portal_ice_cave_entry_pillars_1, uniq_kirke,
          uniq_josephine
Lair:4:   layout_misc_corridors, cheibrodos_lair_lostbears
Lair:5:   guppyfry_lair_end_dragon, layout_loops_ring, hangedman_lair_in_review,
          slime_entry_1
Swamp:1:  layout_falls_marsh, evilmike_swamp_ruin_house_1,
          infiniplex_staircase_pool_2, uniq_mlioglotl, uniq_aizul, uniq_roxanne
Swamp:2:  layout_basic_swamp, ebering_ghost_funeral_grove,
          evilmike_swamp_ruin_rubble_2, swamp_pool4, hangedman_swamp_ravenous,
          uniq_donald
Orc:1:    layout_caves
Orc:2:    grunt_orc_cross, layout_caves, serial_shops,
          nicolae_shop_advertising_works [nicolae_subvault_shop_adworks],
          special_room, nicolae_shop_vocational

Skill      XL: |  1  2  3  4  5  6  7  8  9 10 11 12 13 14 15 |
---------------+----------------------------------------------+-----
Invocations    | 1 2 3 4 5 6 7 8 10 11 | 11.8
Short Blades   | 1 2 3 5 6 7 8 9 10 | 10.8
Long Blades    | 1 2 3 5 6 7 8 9 10 | 10.8
Maces & Flails | 1 2 3 5 6 7 8 9 10 | 10.8
Polearms       | 1 2 3 5 6 7 8 9 10 | 10.8
Staves         | 1 2 3 5 6 7 8 9 10 | 10.8
Ranged Weapons | 1 2 3 5 6 7 8 9 10 | 10.8
Throwing       | 1 2 3 5 6 7 8 9 10 | 10.8
Dodging        | 1 2 3 5 6 7 8 9 10 | 10.8
Stealth        | 1 2 3 5 6 7 8 9 10 | 10.8
Unarmed Combat | 1 2 3 5 6 7 8 9 10 | 10.8
Spellcasting   | 1 2 3 5 6 7 8 9 10 | 10.8
Evocations     | 1 2 3 5 6 7 8 9 10 | 10.8
Conjurations   | 1 2 3 4 5 6 7 8 9 |  9.1
Hexes          | 1 2 3 4 5 6 7 8 9 |  9.1
Summonings     | 1 2 3 4 5 6 7 8 9 |  9.1
Necromancy     | 1 2 3 4 5 6 7 8 9 |  9.1
Translocations | 1 2 3 4 5 6 7 8 9 |  9.1
Transmutations | 1 2 3 4 5 6 7 8 9 |  9.1
Fire Magic     | 1 2 3 4 5 6 7 8 9 |  9.1
Ice Magic      | 1 2 3 4 5 6 7 8 9 |  9.1
Air Magic      | 1 2 3 4 5 6 7 8 9 |  9.1
Earth Magic    | 1 2 3 4 5 6 7 8 9 |  9.1
Poison Magic   | 1 2 3 4 5 6 7 8 9 |  9.1
Axes           | 5 6 7 8 9 10 11 | 11.7
Fighting       | 7 8 9 10 11 12 | 12.6
Armour         | 7 8 9 10 11 12 | 12.6
Shields        | 7 8 9 10 11 12 | 12.6

Action                     |  1- 3 |  4- 6 |  7- 9 | 10-12 | 13-15 || total
---------------------------+-------+-------+-------+-------+-------++-------
  Melee: War axe           |    79 |   105 |   305 |   203 |   184 ||   876
         Bite              |     8 |     8 |    27 |    29 |    57 ||   129
         Scimitar          |       |       |       |    34 |    23 ||    57
         Broad axe         |       |       |       |       |   101 ||   101
   Fire: Sling             |    38 |    89 |   160 |   138 |       ||   425
         Hand crossbow     |       |       |       |   270 |   737 ||  1007
  Throw: Dart              |       |       |    11 |       |     1 ||    12
   Cast: Olgreb's Toxic Ra |       |       |       |       |    12 ||    12
         Vhi's Electric Ch |       |       |       |       |    10 ||    10
         Ozocubu's Armour  |       |       |       |       |     7 ||     7
 Invoke: Heroism           |       |       |       |     4 |     7 ||    11
         Duel              |       |       |       |       |     1 ||     1
  Evoke: Wand              |       |       |       |     1 |       ||     1
    Use: Scroll            |     2 |     2 |     8 |    15 |     7 ||    34
         Potion            |       |     1 |     1 |     8 |    11 ||    21
   Stab: Petrified         |       |       |       |       |     5 ||     5
 Armour: Scale mail        |    43 |    44 |   145 |   209 |   291 ||   732
  Dodge: Dodged            |    27 |    38 |   161 |   290 |   395 ||   911
  Block: Buckler           |    24 |    57 |   199 |   319 |    30 ||   629
         Reflection        |     1 |       |     4 |     9 |    26 ||    40
         Kite shield       |       |       |       |       |   789 ||   789
